 Dungeon Crawl Stone Soup version 0.29-a0-187-ga23d9638d5 (webtiles) character file.

Game seed: 5716820966019188451

1742 Crownlay the Chiller (level 9, -2/65 HPs)
             Began as a Gnoll Ice Elementalist on Feb 21, 2022.
             Was a High Priest of Uskayaw.
             Slain by a troll (5 damage)
             ... on level 6 of the Dungeon.
             The game lasted 00:24:28 (6694 turns).

Crownlay the Chiller (Gnoll Ice Elementalist)       Turns: 6694, Time: 00:24:28

Health: -2/65      AC: 11    Str:  8    XL:     9   Next: 5%
Magic:  11/18      EV: 14    Int: 18    God:    Uskayaw [*****.]
Gold:   259        SH:  0    Dex: 13    Spells: 13/20 levels left

rFire   . . .      SeeInvis .   o - +2 mace (holy)
rCold   + . .      Faith    .   (no shield)
rNeg    + . .      Spirit   .   u - +1 robe {rC+}
rPois   .          Reflect  .   (no helmet)
rElec   .          Harm     .   (no cloak)
rCorr   .          Rampage  .   n - +0 pair of gloves
Will    +....                   (no boots)
Stlth   +++.......              (no amulet)
HPRegen 0.20/turn               w - ring of willpower
MPRegen 0.16/turn               m - ring of positive energy

@: ice-armoured
A: fangs 1, strong nose, distributed training
a: Renounce Religion, Stomp, Line Pass, Grand Finale


You were on level 6 of the Dungeon.
You worshipped Uskayaw.
Uskayaw was noncommittal.
You visited 2 branches of the dungeon, and saw 7 of its levels.

You collected 259 gold pieces.

Inventory:

Hand Weapons
 h - a +0 hunting sling
 o - a +2 mace of holy wrath (weapon)
Missiles
 i - 200 stones
Armour
 n - a +0 pair of gloves (worn)
 u - a +1 robe of cold resistance (worn)
Magical Staves
 k - a staff of fire
Jewellery
 e - a +4 ring of evasion
 m - a ring of positive energy (right hand)
 w - a ring of willpower (left hand)
Scrolls
 b - a scroll of fear {unknown}
 c - 3 scrolls of teleportation
 d - 2 scrolls of torment {unknown}
 j - a scroll of amnesia {unknown}
 l - a scroll of summoning {unknown}
 p - a scroll of vulnerability {unknown}
 q - a scroll of brand weapon {unknown}
 r - 2 scrolls of enchant armour {unknown}
 t - 2 scrolls of enchant weapon {unknown}
 x - a scroll of holy word {unknown}
Potions
 a - a potion of invisibility {unknown}
 f - 2 potions of heal wounds {unknown}
 g - 3 potions of curing
 s - a potion of mutation {unknown}
 v - a potion of flight {unknown}


   Skills:
 + Level 3.8 Fighting
 + Level 3.8 Short Blades
 + Level 3.8 Long Blades
 + Level 3.8 Axes
 + Level 3.8 Maces & Flails
 + Level 3.8 Polearms
 + Level 3.8 Staves
 + Level 3.8 Slings
 + Level 3.8 Bows
 + Level 3.8 Crossbows
 + Level 3.8 Throwing
 + Level 3.8 Armour
 + Level 6.0 Dodging
 + Level 5.7 Stealth
 + Level 3.8 Shields
 + Level 3.8 Unarmed Combat
 + Level 6.3 Spellcasting
 + Level 3.1 Conjurations
 + Level 3.1 Hexes
 + Level 3.1 Summonings
 + Level 3.1 Necromancy
 + Level 3.1 Translocations
 + Level 3.1 Transmutations
 + Level 3.1 Fire Magic
 + Level 7.8 Ice Magic
 + Level 3.1 Air Magic
 + Level 3.1 Earth Magic
 + Level 3.1 Poison Magic
 + Level 4.2 Invocations
 + Level 3.8 Evocations


You had 13 spell levels left.
You knew the following spells:

 Your Spells              Type           Power      Damage    Failure   Level
a - Freeze                Ice            100%       1d11      1%          1
b - Frozen Ramparts       Ice            68%        1d8       1%          3
c - Ozocubu's Armour      Ice            34%        N/A       1%          3

Your spell library contained the following spells:

 Spells                   Type           Power      Damage    Failure   Level
 Sandblast                Erth           34%        2d9       3%          1
 Slow                     Hex            68%        N/A       3%          1
 Passwall                 Tmut/Erth      14%        N/A       4%          2
 Confusing Touch          Hex            17%        N/A       10%         3
 Portal Projectile        Hex/Tloc       34%        N/A       10%         3
 Stone Arrow              Conj/Erth      34%        3d9       10%         3
 Vampiric Draining        Necr           17%        2d7       10%         3
 Hailstorm                Conj/Ice       25%        3d7       12%         4
 Metabolic Englaciation   Hex/Ice        12%        N/A       32%         5
 Blade Hands              Tmut           8%         N/A       65%         5
 Excruciating Wounds      Necr           8%         N/A       65%         5
 Simulacrum               Ice/Necr       12%        N/A       88%         6
 Chain Lightning          Conj/Air       8%         3d11      100%        9
 Fire Storm               Conj/Fire      8%         8d2       100%        9
 Shatter                  Erth           8%         3d10*     100%        9


Dungeon Overview and Level Annotations

Branches:
Dungeon (6/15)             Temple (1/1) D:5

Altars:
Ashenzari
Dithmenos
Elyvilon
Fedhas
Hepliaklqana
Kikubaaqudgha
Makhleb
Okawaru
Qazlal
Sif Muna
Trog
Uskayaw
Vehumet
Wu Jian
Xom
Yredelemnul
The Shining One

Shops:
D:3 *


Innate Abilities, Weirdness & Mutations

You have very sharp teeth.
Your uncanny sense of smell can sniff out nearby items.
Your experience applies equally to all skills.


Message History

The troll closely misses you.
You are too injured to fight recklessly!
You are too injured to fight recklessly!
You are too injured to fight recklessly!
You closely miss the troll.
The troll is heavily wounded.
The wall freezes the troll.
The troll bites you but does no damage. The troll barely misses you.
The troll closely misses you.
You closely miss the troll. Your punch misses the troll.
The troll is heavily wounded.
The wall freezes the troll.
The troll barely misses you. The troll claws you. The troll misses you.
You closely miss the troll. You bite the troll, but do no damage.
The troll is heavily wounded.
The wall freezes the troll.
The troll bites you. The troll misses you. The troll claws you.
* * * LOW HITPOINT WARNING * * *
The wall freezes the troll.
The troll bites you.
* * * LOW HITPOINT WARNING * * *
The troll misses you. The troll barely misses you.
You can now merge with and destroy a victim.
You hit the troll.
The troll is severely wounded.
The wall freezes the troll.
The troll completely misses you. The troll claws you but does no damage.
The troll claws you.
* * * LOW HITPOINT WARNING * * *
You hit the troll but do no damage. Your bite misses the troll.
The troll is almost dead.
The frozen ramparts melt away.
The troll bites you!
* * * LOW HITPOINT WARNING * * *
The troll claws you.
* * * LOW HITPOINT WARNING * * *
The troll barely misses you.
Uskayaw prepares the audience for your solo!
The helpless troll fails to defend itself.
You hit the troll but do no damage.
The troll is almost dead.
The troll is no longer paralysed.
The troll bites you but does no damage. The troll claws you.
You die...

#.....#...##.# #. #.
#.....#......###. ..
#.#.#.##.........
##.##.....##...######
###...#.....##...#
.....#.#.#.##...#
...#.....#....###
#T#.....#......####
#.@...#...##.......
##############รท###.
##.# #. #..# #. #.##
#. #.## #. ###.#.###.
..###..#. ###.#.#.#.


You could see a troll.

Vanquished Creatures
  An orc warrior (D:6)
  2 ogres (D:5)
  A bullfrog (D:6)
  A kobold brigand (D:4)
  A gnoll sergeant (D:5)
  3 wyvern zombies
  3 scorpions
  10 wights
  A howler monkey (D:6)
  A hound (D:5)
  A jelly (D:5)
  2 orc priests (D:4)
  6 iguanas
  An orc wizard (D:4)
  7 gnolls
  3 adders
  4 worms
  2 dart slugs
  8 orcs
  3 bats
  5 endoplasms
  2 giant cockroaches
  9 goblins
  4 hobgoblins
  4 jackals (D:1)
  7 kobolds
  A quokka (D:1)
  6 ball pythons
  6 frilled lizards
  5 rats
  A spectral kobold (D:4)
111 creatures vanquished.

Vanquished Creatures (others)
  7 plants (D:4)
  4 toadstools (D:1)
11 creatures vanquished.

Grand Total: 122 creatures vanquished

Notes
Turn   | Place    | Note
-------+----------+-------------------------------------------
     0 | D:1      | Crownlay the Gnoll Ice Elementalist began the quest for the
                  | Orb.
     0 | D:1      | Reached XP level 1. HP: 13/13 MP: 6/6
   392 | D:1      | Reached XP level 2. HP: 15/19 MP: 1/7
   582 | D:1      | Found a faded altar of an unknown god.
  1285 | D:2      | Reached XP level 3. HP: 22/25 MP: 5/9
  1290 | D:2      | Learned a level 3 spell: Frozen Ramparts
  1294 | D:2      | Learned a level 3 spell: Ozocubu's Armour
  1334 | D:2      | Found a broken altar of Ashenzari.
  1346 | D:2      | Reached skill level 5 in Spellcasting
  2005 | D:3      | Reached skill level 1 in Invocations
  2066 | D:3      | Reached skill level 1 in Fighting
  2066 | D:3      | Reached skill level 1 in Short Blades
  2066 | D:3      | Reached skill level 1 in Long Blades
  2066 | D:3      | Reached skill level 1 in Axes
  2066 | D:3      | Reached skill level 1 in Maces & Flails
  2066 | D:3      | Reached skill level 1 in Polearms
  2066 | D:3      | Reached skill level 1 in Staves
  2066 | D:3      | Reached skill level 1 in Slings
  2066 | D:3      | Reached skill level 1 in Bows
  2066 | D:3      | Reached skill level 1 in Crossbows
  2066 | D:3      | Reached skill level 1 in Throwing
  2066 | D:3      | Reached skill level 1 in Armour
  2066 | D:3      | Reached skill level 1 in Shields
  2066 | D:3      | Reached skill level 1 in Unarmed Combat
  2066 | D:3      | Reached skill level 1 in Evocations
  2066 | D:3      | Reached XP level 4. HP: 32/32 MP: 3/11
  2296 | D:3      | Reached skill level 1 in Conjurations
  2296 | D:3      | Reached skill level 1 in Hexes
  2296 | D:3      | Reached skill level 1 in Summonings
  2296 | D:3      | Reached skill level 1 in Necromancy
  2296 | D:3      | Reached skill level 1 in Translocations
  2296 | D:3      | Reached skill level 1 in Transmutations
  2296 | D:3      | Reached skill level 1 in Fire Magic
  2296 | D:3      | Reached skill level 1 in Air Magic
  2296 | D:3      | Reached skill level 1 in Earth Magic
  2296 | D:3      | Reached skill level 1 in Poison Magic
  2373 | D:3      | Found Puyh's Assorted Antiques.
  2865 | D:4      | Noticed a scorpion
  2873 | D:4      | Killed a scorpion
  2874 | D:4      | Reached XP level 5. HP: 37/37 MP: 5/12
  2884 | D:4      | Reached XP level 6. HP: 34/44 MP: 1/13
  3163 | D:4      | Reached skill level 5 in Dodging
  3578 | D:4      | Found a hazy altar of Hepliaklqana.
  3680 | D:4      | Reached XP level 7. HP: 35/50 MP: 4/15
  4531 | D:4      | Reached skill level 5 in Stealth
  4832 | D:5      | Entered Level 5 of the Dungeon
  4846 | D:5      | Reached XP level 8. HP: 46/57 MP: 4/16
  5838 | D:5      | Found a staircase to the Ecumenical Temple.
  5847 | Temple   | Entered the Ecumenical Temple
  5868 | Temple   | Became a worshipper of Uskayaw the Reveller
  6101 | D:6      | Reached * piety under Uskayaw
  6102 | D:6      | Reached ** piety under Uskayaw
  6675 | D:6      | Identified the +3 leather armour of Burnt Joy {Fly Dex+4}
  6678 | D:6      | Noticed a troll
  6680 | D:6      | Reached XP level 9. HP: 65/65 MP: 11/18
  6685 | D:6      | Reached *** piety under Uskayaw
  6687 | D:6      | Reached **** piety under Uskayaw
  6691 | D:6      | Reached ***** piety under Uskayaw
  6693 | D:6      | HP: 2/65 [troll (2)]
  6694 | D:6      | Slain by a troll

Illustrated notes

Levels and vault maps discovered:
D:1:      ldierk_walled_garden_2, layout_basic,
          ebering_ecumenical_altar_abandoned, minmay_crystal_room,
          serial_park_tiny_1, serial_bayou_lake_a
D:2:      layout_basic, kennysheep_flooded_box
D:3:      layout_basic, serial_shops, nicolae_shop_crystal
D:4:      layout_cave_pools, nicolae_hepliaklqana_monster_ancestors,
          lexackson_kobold_supper
D:5:      layout_cave_pools, minmay_temple_entry_fiery
D:6:      layout_loops_ring, columned_hall_lemuel
Temple:   grunt_wide_crystal_templ

Skill      XL: |  1  2  3  4  5  6  7  8 |
---------------+-------------------------+-----
Spellcasting   | 5 6 |  6.3
Invocations    | 1 2 3 4 |  4.2
Fighting       | 1 2 3 |  3.8
Short Blades   | 1 2 3 |  3.8
Long Blades    | 1 2 3 |  3.8
Axes           | 1 2 3 |  3.8
Maces & Flails | 1 2 3 |  3.8
Polearms       | 1 2 3 |  3.8
Staves         | 1 2 3 |  3.8
Slings         | 1 2 3 |  3.8
Bows           | 1 2 3 |  3.8
Crossbows      | 1 2 3 |  3.8
Throwing       | 1 2 3 |  3.8
Armour         | 1 2 3 |  3.8
Shields        | 1 2 3 |  3.8
Unarmed Combat | 1 2 3 |  3.8
Evocations     | 1 2 3 |  3.8
Conjurations   | 1 2 3 |  3.1
Hexes          | 1 2 3 |  3.1
Summonings     | 1 2 3 |  3.1
Necromancy     | 1 2 3 |  3.1
Translocations | 1 2 3 |  3.1
Transmutations | 1 2 3 |  3.1
Fire Magic     | 1 2 3 |  3.1
Air Magic      | 1 2 3 |  3.1
Earth Magic    | 1 2 3 |  3.1
Poison Magic   | 1 2 3 |  3.1
Dodging        | 5 6 |  6.0
Stealth        | 5 |  5.7
Ice Magic      | |  7.8

Action                   |  1- 3 |  4- 6 |  7- 9 || total
-------------------------+-------+-------+-------++-------
Melee: Dagger            |     4 |       |       ||     4
       Mace              |     5 |    26 |    97 ||   128
       Bite              |     2 |     6 |    14 ||    22
       Punch             |       |       |     1 ||     1
 Fire: Hunting sling     |    53 |    81 |    93 ||   227
 Cast: Freeze            |    28 |       |     1 ||    29
       Ozocubu's Armour  |     3 |    10 |    15 ||    28
       Frozen Ramparts   |     2 |    12 |    30 ||    44
  Use: Scroll            |       |     1 |       ||     1
       Potion            |       |       |     2 ||     2
 Stab: Paralysed         |       |       |     3 ||     3
Armor: Robe              |     5 |    15 |    23 ||    43
Dodge: Dodged            |    44 |    37 |   150 ||   231

Table legend: (Time is in decaauts)
 A = Elapsed time spent in this place.
 B = Non-inter-level travel time spent in this place.
 C = Inter-level travel time spent in this place.
 D = Time resting spent in this place.
 E = Time spent auto-exploring this place.
 F = Levels seen in this place.
 G = Mean time per level.
                   A        B        C        D        E       F      G
               +--------+--------+--------+--------+--------+-----+--------+
         Total |   6816 |   6602 |    214 |      0 |   5623 |   7 |  973.7 |
       Dungeon |   6785 |   6580 |    205 |      0 |   5615 |   6 | 1130.8 |
        Temple |     30 |     21 |      9 |      0 |      8 |   1 |   30.0 |
               +--------+--------+--------+--------+--------+-----+--------+

Top non-repeatable levels by time:
     D:4: 2139 daAuts
     D:1: 1268 daAuts
     D:3: 1114 daAuts
     D:5: 1081 daAuts
     D:6: 636 daAuts
     D:2: 546 daAuts
  Temple: 30 daAuts
